 Dungeon Crawl Stone Soup version 0.22-a0-422-g9628fc8 (webtiles) character file.

71 Gorglomux the Skirmisher (level 4, -1/41 HPs)
             Began as a Minotaur Fighter on May 20, 2018.
             Slain by Sigmund
             ... wielding a +0 scythe
              (7 damage)
             ... on level 2 of the Dungeon.
             The game lasted 00:00:53 (997 turns).

Gorglomux the Skirmisher (Minotaur Fighter)          Turns: 997, Time: 00:00:53

Health: -1/41      AC: 11    Str: 21    XL:     4   Next: 5%
Magic:  3/3        EV:  4    Int:  5    God:
Gold:   66         SH:  9    Dex: 10    Spells: 3/3 levels left

rFire    . . .     SeeInvis .   a - +0 war axe
rCold    . . .     Gourm    .   c - +0 shield
rNeg     . . .     Faith    .   l - +0 plate armour
rPois    .         Spirit   .   (helmet restricted)
rElec    .         Reflect  .   (no cloak)
rCorr    .         Harm     .   (no gloves)
MR       .....                  (no boots)
Stlth    ..........             (no amulet)
HPRegen  0.13/turn              (no ring)
MPRegen  0.08/turn              (no ring)

@: no status effects
A: retaliatory headbutt, horns 2
a: no special abilities


You were on level 2 of the Dungeon.
You were hungry.

You visited 1 branch of the dungeon, and saw 3 of its levels.

You collected 66 gold pieces.

Inventory:

Hand Weapons
 a - a +0 war axe (weapon)
Armour
 c - a +0 shield (worn)
 l - a +0 plate armour (worn)
Scrolls
 i - 4 scrolls of teleportation {unknown}
 m - 3 scrolls of remove curse {unknown}
 r - a scroll of enchant armour {unknown}
 s - a scroll of magic mapping {unknown}
Potions
 d - 2 potions of might
 h - a potion of invisibility {unknown}
 j - 2 potions of haste {unknown}
 k - a potion of ambrosia {unknown}
 n - a potion of heal wounds {unknown}
 p - a potion of mutation {unknown}
 u - a potion of degeneration {unknown}
Comestibles
 f - 4 rations


   Skills:
 + Level 4.3 Fighting
 + Level 3.3 Axes
 + Level 4.3 Armour
 + Level 4.3 Shields


You had 3 spell levels left.
You didn't know any spells.
Your spell library was empty.

Dungeon Overview and Level Annotations

Branches:
Dungeon (3/15)

Altars:

Annotations:
D:2 Sigmund


Innate Abilities, Weirdness & Mutations

You reflexively headbutt those who attack you in melee.
You have a pair of horns on your head.


Message History

You closely miss the adder! You slice the kobold like a ripe choko!
You annihilate the kobold!!!
You miss something! You block the adder's attack! x2
Something hits you but does no damage!
Unknown command!
You are too injured to fight recklessly!!!
Butt miss the adder!
Butt chop something into pieces!
You block the adder'butts attack! You block the adder's attack!
Something hits you but does no damage!
Unknown command!
You are too injured to fight recklessly!!!
Butt command!
You are butt injured to fight recklessly!!!
Butt miss something!
You barely miss the adder! You block the adder's attack! The butt bites you!
Something hits you!!! * * * don't butt
* * * Unknown command!
Butt miss something!
You headbutt something!!! You closely miss the adder!
The adder bites you but does no damage! x2; Something hits you!!! rip

#? #!.########.#
#.#
###.###.......(..#
#.#
....#....########
#.# ......##.# #.#
##...##.# #.#
##.....#>## #.#
##.....(((.####
#.##
#......(.....(..#
#...
#.....@....####.#
#### #....{S).?##
##..$....##
##.....## #....##
#..### #.. ... ###
#..


You could see an adder.

Vanquished Creatures
  3 adders
  2 worms
  A dart slug (D:3)
  2 leopard geckos
  An orc (D:3)
  2 bats
  3 giant cockroaches
  4 goblins
  2 hobgoblins
  5 kobolds
  2 ball pythons
  A ball python skeleton (D:3)
  A frilled lizard (D:3)
  2 rats
31 creatures vanquished.

Notes
Turn   | Place    | Note
-------+----------+-------------------------------------------
     0 | D:1      | Gorglomux the Minotaur Fighter began the quest for the Orb.
     0 | D:1      | Reached XP level 1. HP: 19/19 MP: 0/0
   117 | D:1      | Reached XP level 2. HP: 18/27 MP: 1/1
   422 | D:2      | Reached skill level 3 in Axes
   438 | D:2      | Reached XP level 3. HP: 21/33 MP: 2/2
   455 | D:2      | Noticed Sigmund
   856 | D:3      | Reached XP level 4. HP: 20/41 MP: 3/3
   997 | D:2      | Slain by Sigmund

Vault maps used:
D:1:      lightli_arrival_statuegarden, minmay_tromino_v2
D:2:      minmay_diamond_boxcup, minmay_tall_x, uniq_sigmund, uniq_natasha
D:3:      first_ration, hangedman_decor_lopped, uniq_crazy_yiuf_cottage

Skill      XL: |  1  2 |
---------------+-------+-----
Fighting       | 4 |  4.3
Axes           | 3 |  3.3
Armour         | 4 |  4.3
Shields        | 4 |  4.3

Action                   |  1- 3 |  4- 6 || total
-------------------------+-------+-------++-------
Melee: War axe           |    99 |    12 ||   111
       Headbutt          |    14 |     1 ||    15
Armor: Scale mail        |    17 |       ||    17
       Plate armour      |    44 |    12 ||    56
Dodge: Dodged            |    19 |     6 ||    25
Block: Shield            |    58 |    15 ||    73

Table legend:
 A = Spawn XP
 B = Non-spawn XP
 C = Spawn XP percentage of total XP
 D = Spawn monster count
 E = Non-spawn monster count
 F = Spawn count percentage of total count
 G = Total turns spent on level
                    A         B        C        D         E        F      G
               +---------+---------+-------+---------+---------+-------+---------
         Total |       0 |     102 |   0.0 |       0 |      31 |   0.0 |   997
               +---------+---------+-------+---------+---------+-------+---------
           D:1 |       0 |      17 |   0.0 |       0 |       9 |   0.0 |   376
           D:2 |       0 |      49 |   0.0 |       0 |      11 |   0.0 |   107
           D:3 |       0 |      36 |   0.0 |       0 |      11 |   0.0 |   514
               +---------+---------+-------+---------+---------+-------+---------
